AoeStats
← Mojo Jojo

African Clearing

505574803Analyzed
4v4 RM · 22d ago on Sep 10, 2026· 34m 17s· 8 players
Game mode
Random Map
Map size
Large (8 player)
Population
200
Speed
Normal
Resources
Standard
Victory
Conquest
Starting age
Dark Age
Ending age
Imperial Age
RankedLock teamsTeams togetherTeam positionsShared explorationLock speedFull tech treeHidden civsTurbo modeCheats
Victory
Defeat
🇦🇷 Tatars · Argentina
1297
+9
🇦🇷 Turks · Argentina
1222
+12
🇦🇷 Franks · Argentina
1221
+12
🇦🇷 Lithuanians · Argentina
1028
+19
1138
-14
🇨🇱 Japanese · Chile
1137
-14
🇧🇸 Mongols · Bahamas
1137
-13
🇫🇷 Spanish · France
1078
-11
junior_nyc
11:17 Loom
13:27 Feudal Age
17:05 Fletching
22:37 Castle Age
21:26 Double-Bit Axe
30:03 Padded Archer Armor
<Team Rocket> Heisenberg-88
5:29 Loom
15:29 Feudal Age
16:29 Double-Bit Axe
22:39 Castle Age
25:29 Wheelbarrow
26:30 Fletching
29:29 Padded Archer Armor
30:41 Elite Skirmisher
<Team Rocket> Meowth
7:03 Loom
17:07 Feudal Age
17:44 Horse Collar
25:09 Castle Age
23:53 Double-Bit Axe
24:11 Gold Mining
25:54 Wheelbarrow
26:01 Bow Saw
26:45 Gold Shaft Mining
26:47 Fletching
28:12 Heavy Plow
30:51 Bodkin Arrow
30:58 Padded Archer Armor
32:11 Bloodlines
Wagnifico
8:07 Loom
16:06 Feudal Age
21:09 Castle Age
19:41 Double-Bit Axe
19:40 Horse Collar
21:37 Wheelbarrow
24:16 Bow Saw
30:26 Forging
30:56 Squires
31:24 Heavy Plow
32:22 Scale Barding Armor
32:23 Pikeman
33:39 Bloodlines
34:19 Husbandry
34:13 Fletching
Chiqui Tapia
15:47 Feudal Age
21:12 Castle Age
24:49 Bloodlines
27:58 Forging
28:11 Elite Skirmisher
29:32 Fletching
30:18 Iron Casting
Trocotoide
9:11 Loom
10:09 Loom
12:55 Feudal Age
13:48 Double-Bit Axe
17:56 Castle Age
16:35 Gold Mining
18:24 Forging
18:40 Scale Barding Armor
22:38 Husbandry
28:14 Stone Mining
30:22 Chain Barding Armor
30:04 Fletching
32:20 Town Watch
33:26 Wheelbarrow
Mojo Jojo
5:56 Loom
14:04 Feudal Age
19:44 Castle Age
21:29 Double-Bit Axe
23:21 Bow Saw
26:24 Horse Collar
31:22 Imperial Age
28:57 Town Watch
30:40 Wheelbarrow
30:28 Fletching
30:39 Padded Archer Armor
31:02 Ballistics
31:07 Gold Mining
33:26 Conscription
Bellota
10:49 Loom
12:50 Feudal Age
13:30 Double-Bit Axe
15:53 Town Watch
16:29 Fletching
21:43 Castle Age
20:15 Gold Mining
21:47 Padded Archer Armor
22:54 Bodkin Arrow
27:30 Husbandry
31:09 Wheelbarrow
Connection lost

Rejoining the realm…

Still unreachable

The connection could not be restored.

Session expired

The server has moved on; the page needs a fresh start.